Map: Catalyst LE

Players

Bombs

  • Race: Terran Terran
  • Spawn Location: 11:00

A.I. 2 (Elite)

  • Race: Terran Terran
  • Spawn Location: 5:00

VOD

Have the link to the VOD?

Description

tvtttttt

Time

  • Played on: Oct. 28, 2018, 7:16 p.m.
  • Length: 10:57
Show
View Real Time Build Order
Export as new Build Order

Bombs Terran 

Build Orders: Cyclone Opening, Reaper Expand 

Get SALT Encoding   

  12  0:00  SCV  
  13  0:13  SCV  
  14  0:17  Supply Depot  
  14  0:25  SCV  
  15  0:29  Refinery  
  15  0:39  SCV  
  16  0:45  Barracks  
  16  0:51  SCV  
  17  1:03  SCV  
  18  1:16  SCV  
  19  1:32  Reaper, Orbital Command  
  20  1:48  Command Center  
  20  2:02  Factory  
  20  2:06  Barracks Reactor  
  20  2:08  SCV  
  21  2:16  Supply Depot  
  21  2:20  Bunker  
  22  2:22  SCV  
  22  2:29  Refinery  
  22  2:35  SCV  
  23  2:43  Marine x2  
  25  2:49  Cyclone  
  25  2:50  SCV  
  29  3:01  Orbital Command  
  29  3:02  SCV  
  30  3:07  Marine x2  
  32  3:14  SCV  
  33  3:21  Cyclone  
  36  3:27  Starport  
  36  3:30  SCV x2  
  38  3:37  Supply Depot  
  38  3:41  Engineering Bay  
  38  3:44  SCV  
  38  3:46  SCV  
  38  3:47  Marine  
  41  3:49  Marine  
  42  3:57  Factory Tech Lab  
  42  4:02  SCV  
  43  4:03  Supply Depot  
  43  4:05  Viking  
  43  4:06  SCV  
  43  4:08  Marine x2  
  48  4:17  Siege Tank  
  51  4:18  SCV  
  51  4:22  SCV  
  53  4:27  Supply Depot  
  53  4:30  SCV  
  54  4:35  SCV  
  54  4:36  Barracks Tech Lab  
  54  4:37  Barracks  
  55  4:43  Starport Reactor, SCV  
  56  4:47  SCV  
  56  4:49  Supply Depot  
  56  4:52  Barracks  
  57  4:55  SCV  
  57  4:57  Marine  
  57  4:58  Stimpack  
  59  5:03  Siege Tank, SCV  
  63  5:08  Refinery  
  63  5:10  Refinery  
  63  5:13  SCV  
  64  5:15  SCV, Marine  
  64  5:18  Supply Depot  
  66  5:24  Marine  
  66  5:25  SCV, Marine  
  66  5:27  SCV  
  70  5:29  Starport Reactor  
  70  5:31  Terran Infantry Weapons Level 1  
  70  5:32  Marine  
  71  5:37  SCV  
  71  5:39  SCV  
  71  5:41  Supply Depot  
  71  5:42  Marine  
  74  5:43  Marine  
  74  5:46  Marine  
  74  5:47  Marine  
  74  5:49  SCV  
  78  5:50  Marine  
  78  5:51  Siege Tank, SCV  
  83  5:59  Marine  
  83  6:01  SCV  
  83  6:03  SCV  
  86  6:08  Marine  
  86  6:10  Marine  
  88  6:12  Command Center  
  88  6:13  SCV  
  88  6:15  SCV  
  88  6:17  Supply Depot  
  90  6:19  Medivac  
  90  6:20  Medivac  
  94  6:26  Supply Depot  
  94  6:27  Supply Depot  
  94  6:38  Marine x3  
  94  6:39  Siege Tank, SCV x2  
  102  6:47  Marine x2  
  102  6:51  SCV x2  
  106  6:56  Marine x2  
  106  6:58  Combat Shield  
  106  7:00  Barracks  
  108  7:02  Barracks  
  108  7:03  SCV x2, Marine  
  108  7:06  Medivac  
  108  7:07  Medivac  
  115  7:15  SCV x2  
  117  7:20  Marine x2  
  118  7:24  Marine x3  
  118  7:26  Supply Depot  
  118  7:27  Orbital Command, SCV  
  118  7:28  Supply Depot  
  122  7:33  SCV  
  122  7:37  Medivac x2  
  122  7:39  SCV  
  122  7:40  Siege Tank  
  130  7:45  SCV, Marine  
  130  7:48  Terran Infantry Armor Level 1  
  130  7:50  Barracks Reactor  
  130  7:51  SCV, Factory  
  132  7:57  SCV, Marine x5  
  139  8:01  SCV  
  139  8:03  SCV, Marine  
  139  8:04  Refinery x2  
  142  8:08  Engineering Bay  
  142  8:12  Armory  
  142  8:14  SCV  
  142  8:15  SCV  
  142  8:19  Barracks Reactor  
  144  8:21  Sensor Tower  
  144  8:24  SCV  
  144  8:25  Sensor Tower  
  144  8:27  SCV x2  
  146  8:30  Marine x2  
  149  8:34  Supply Depot  
  149  8:35  Supply Depot  
  149  8:37  Factory Tech Lab  
  149  8:38  Supply Depot  
  149  8:41  Supply Depot  
  149  8:42  Supply Depot  
  149  8:44  Supply Depot  
  149  8:53  SCV, Marine x2  
  149  8:54  Marine x2  
  149  8:55  SCV, Marine  
  149  8:56  Marine  
  149  8:57  Supply Depot  
  149  8:58  Supply Depot  
  150  9:03  Marine  
  150  9:04  Siege Tank, Marine x2  
  156  9:11  Marine x2  
  158  9:20  Supply Depot  
  158  9:31  Marine x9  
  159  9:32  Siege Tank  
  169  9:47  Command Center  
  169  9:49  Siege Tank, Marine x3  
  169  9:50  Marine x6  
  181  10:06  Marine  
  181  10:07  Marine x2  
  180  10:08  Marine x6  
  188  10:23  Medivac x2  
Show
View Real Time Build Order
Export as new Build Order

A.I. 2 (Elite) Terran 

Build Orders:  

Get SALT Encoding   

  12  0:00  SCV  
  13  0:13  SCV  
  14  0:18  Supply Depot  
  14  0:25  SCV  
  15  0:40  SCV  
  16  0:44  Barracks  
  16  0:52  SCV  
  17  1:04  SCV  
  18  1:16  SCV  
  19  1:19  Command Center  
  19  1:33  Marine  
  19  1:34  Orbital Command  
  20  1:46  Supply Depot  
  20  1:51  Marine  
  20  1:53  Refinery  
  21  2:00  SCV  
  22  2:09  Marine  
  22  2:10  Barracks  
  22  2:12  SCV  
  23  2:19  Refinery  
  23  2:24  SCV  
  23  2:27  Marine  
  25  2:31  SCV  
  25  2:33  Supply Depot  
  25  2:36  SCV  
  27  2:47  Orbital Command  
  27  2:50  Marine  
  28  2:52  SCV  
  29  3:04  SCV  
  29  3:05  Factory  
  30  3:10  Marine  
  30  3:12  Marine  
  31  3:16  SCV x2  
  33  3:28  SCV x2, Marine  
  33  3:30  Marine  
  37  3:35  Barracks  
  37  3:40  SCV x2  
  39  3:46  Barracks Tech Lab  
  39  3:50  Barracks Tech Lab, Factory Tech Lab, Starport  
  39  3:52  SCV  
  39  3:53  SCV  
  41  4:04  SCV, Marine  
  41  4:05  SCV  
  41  4:06  Stimpack  
  41  4:08  Combat Shield, Marine  
  45  4:14  Supply Depot  
  46  4:17  SCV  
  46  4:19  SCV  
  47  4:24  Marine x2  
  47  4:26  Marine  
  47  4:29  SCV  
  51  4:31  SCV  
  51  4:35  Supply Depot  
  51  4:37  Medivac  
  54  4:41  SCV  
  54  4:44  SCV  
  54  4:45  Siege Tank  
  59  4:48  Supply Depot, Marine  
  59  4:50  Marine  
  59  4:51  Marine  
  62  4:57  SCV x2  
  62  4:58  Supply Depot  
  64  5:05  Refinery  
  64  5:06  Marauder  
  66  5:09  SCV  
  66  5:10  Marauder, SCV  
  70  5:15  Refinery  
  71  5:21  SCV  
  71  5:22  SCV  
  71  5:28  Marauder  
  74  5:29  Engineering Bay  
  74  5:31  Marauder  
  74  5:33  SCV  
  74  5:34  SCV  
  74  5:35  Supply Depot  
  78  5:39  Command Center  
  78  5:45  SCV  
  78  5:48  SCV  
  78  5:49  Marauder  
  82  5:52  Marauder  
  82  5:56  Terran Infantry Armor Level 1  
  84  5:57  SCV  
  84  6:01  Supply Depot, SCV  
  86  6:04  Engineering Bay  
  86  6:06  Barracks Reactor  
  86  6:09  Medivac  
  86  6:11  Marauder  
  90  6:14  Marauder  
  90  6:15  Concussive Shells  
  90  6:16  Missile Turret  
  92  6:23  Missile Turret  
  92  6:25  Supply Depot  
  92  6:27  Barracks  
  92  6:30  Terran Infantry Weapons Level 1  
  92  6:32  Marauder  
  94  6:34  Marine  
  95  6:40  Starport Reactor  
  95  6:42  Marine  
  95  6:46  Marine  
  97  6:48  Supply Depot  
  97  6:52  Orbital Command, SCV x2, Marine  
  97  6:53  Marauder  
  102  7:01  Marine  
  103  7:04  SCV, Marine  
  103  7:05  SCV  
  103  7:06  Missile Turret  
  106  7:09  Missile Turret  
  106  7:11  Marauder  
  106  7:14  Marine  
  109  7:16  Medivac x2, SCV  
  109  7:17  SCV  
  109  7:19  Supply Depot, SCV  
  116  7:28  SCV  
  116  7:29  SCV  
  118  7:31  SCV  
  118  7:32  Marauder  
  121  7:39  Missile Turret  
  121  7:40  SCV  
  121  7:44  Fusion Core  
  122  7:46  Viking  
  122  7:48  SCV  
  122  7:49  Supply Depot, SCV  
  126  7:52  SCV  
  126  7:55  Viking  
  129  8:00  Missile Turret, SCV  
  129  8:01  SCV  
  129  8:05  SCV  
  132  8:10  Refinery  
  132  8:12  Supply Depot  
  132  8:14  Factory  
  132  8:17  Starport  
  132  8:20  Missile Turret  
  132  8:24  Command Center  
  132  8:35  Armory  
  132  8:36  Supply Depot  
  132  8:42  Refinery  
  132  8:51  Siege Tank, Marine  
  132  8:52  Marine x4  
  132  8:54  Starport Tech Lab  
  95  8:58  Factory Tech Lab  
  95  9:00  SCV  
  95  9:01  SCV  
  82  9:04  SCV  
  82  9:09  Marine  
  85  9:10  Marauder x2, Marine x2  
  85  9:12  SCV  
  85  9:16  Siege Tank  
  94  9:22  Viking  
  94  9:23  Siege Tank  
  99  9:27  Marine x2  
  99  9:28  Marine  
  103  9:31  Marauder, Marine  
  103  9:35  Liberator  
  103  9:36  SCV  
  103  9:37  Viking  
  107  9:41  Viking  
  107  9:45  Marine x3  
  110  9:48  Siege Tank  
  110  9:49  Marauder  
  118  9:53  Marauder, SCV  
  118  9:56  Siege Tank, SCV  
  116  10:02  Refinery x2  
  116  10:03  Marine x3  
  116  10:04  SCV  
  116  10:05  SCV  
  116  10:06  SCV  
  106  10:08  SCV  
  106  10:13  Marine  
  84  10:16  SCV  
  84  10:17  SCV  
  84  10:19  SCV  
  84  10:20  SCV  
  84  10:21  Siege Tank, Marine x2  
  86  10:22  Marine  
  83  10:31  SCV  
  83  10:33  SCV  
  83  10:34  SCV  
  79  10:38  Marine  
  79  10:39  Marine  
  79  10:42  Barracks Tech Lab  
Tags
 
Add a new tag
Caveats
  • Supply blocks, unpowered buildings, or Contaminate may cause inaccurate times.
  • Supply counts are checked every 10 seconds.